 Dungeon Crawl Stone Soup version 0.29-a0-1009-g60c99734e7 (webtiles) character file.

Game seed: 18015240210080899751

41 flotson the Sneak (level 3, -1/29 HPs)
             Began as a Demonspawn Delver on Aug 9, 2022.
             Slain by Terence
             ... wielding a +0 flail
              (10 damage)
             ... on level 2 of the Dungeon.
             The game lasted 00:01:12 (520 turns).

flotson the Sneak (Demonspawn Delver)                Turns: 520, Time: 00:01:13

Health: -1/29      AC:  5    Str: 14    XL:     3   Next: 32%
Magic:  3/3        EV: 16    Int: 11    God:
Gold:   21         SH:  0    Dex: 14    Spells: 2/2 levels left

rFire   . . .      SeeInvis .   a - +0 spear
rCold   . . .      Faith    .   (no shield)
rNeg    . . .      Spirit   .   h - +0 ring mail
rPois   .          Reflect  .   (no helmet)
rElec   .          Harm     .   (no cloak)
rCorr   .          Rampage  .   (no gloves)
Will    .....                   (no boots)
Stlth   ++........              (no amulet)
HPRegen 0.09/turn               (no ring)
MPRegen 0.08/turn               (no ring)

@: agile, hasted, very quick
A: powered by pain 1
a: no special abilities


You were on level 2 of the Dungeon.
You visited 1 branch of the dungeon, and saw 4 of its levels.

You collected 21 gold pieces.

Inventory:

Hand Weapons
 a - a +0 spear (weapon)
Armour
 h - a +0 ring mail (worn)
Jewellery
 k - a +6 ring of dexterity
Wands
 g - a wand of digging (3)
Scrolls
 c - a scroll of fog
 d - a scroll of magic mapping
 e - a scroll of fear
 f - a scroll of enchant armour {unknown}
 i - a scroll of teleportation {unknown}
Potions
 j - a potion of mutation {unknown}


   Skills:
 + Level 3.4 Fighting
 - Level 1.7 Polearms
 + Level 1.1 Armour
 + Level 2.2 Dodging
 - Level 4.5 Stealth
 + Level 1.3 Evocations


You had 2 spell levels left.
You didn't know any spells.
Your spell library contained the following spells:

 Spells                   Type           Power      Damage    Failure   Level
 Necrotise                Necr           0%         1d4       58%         1
 Frozen Ramparts          Ice            0%         1d1       91%         3
 Corpse Rot               Necr/Pois/Air  0%         N/A       100%        4
 Agony                    Necr           0%         N/A       100%        5
 Haunt                    Necr/Summ      0%         N/A       100%        7


Dungeon Overview and Level Annotations

Branches:
Dungeon (5/15)
 Temple: D:4-7

Altars:

Annotations:
D:2 Terence


Innate Abilities, Weirdness & Mutations

You sometimes gain a little power by taking damage.


Message History

Terence is moderately wounded.
Terence closely misses you.
You hit Terence.
Terence is moderately wounded.
Terence closely misses you.
You barely miss Terence.
Terence is moderately wounded.
You hit Terence but do no damage.
Terence is moderately wounded.
Terence completely misses you.
You hit Terence but do no damage.
Terence is moderately wounded.
You hit Terence but do no damage.
Terence is moderately wounded.
Terence barely misses you.
You hit Terence but do no damage.
Terence is moderately wounded.
Terence misses you.
You hit Terence.
Terence is moderately wounded.
You closely miss Terence.
Terence is moderately wounded.
Terence closely misses you.
You barely miss Terence.
Terence is moderately wounded.
Terence completely misses you.
You closely miss Terence.
Terence is moderately wounded.
You barely miss Terence.
Terence is moderately wounded.
Terence hits you with a +0 flail.
You barely miss Terence.
Terence is moderately wounded.
Terence hits you with a +0 flail.
You hit Terence but do no damage.
Terence is moderately wounded.
You hit Terence but do no damage.
Terence is moderately wounded.
Terence hits you with a +0 flail!
You die...

#.... # ~~.#.#
.#
≈≈~~~..#.###.##
≈≈≈~~~..... .
~≈≈≈≈~~##.#.#
~~~≈≈≈≈~#.#.#
..~~~≈≈~.bg.#
....~~~~#@###
#####.###@# #.#
#.# #.# #.#
##.# #.#
##..###.#
#.......#
##..##### #..#
#.#####..#


You could see Terence, a goblin and a bat.

Vanquished Creatures
  Jessica (D:2)
  An adder (D:5)
  An orc (D:5)
  An endoplasm (D:4)
  A goblin (D:2)
  A bat (D:2)
  A kobold (D:2)
7 creatures vanquished.

Notes
Turn   | Place    | Note
-------+----------+-------------------------------------------
     0 | D:5      | flotson the Demonspawn Delver began the quest for the Orb.
     0 | D:5      | Reached XP level 1. HP: 18/18 MP: 1/1
    19 | D:5      | Gained mutation: You sometimes gain a little power by
                  | taking damage. [demonic ancestry]
    19 | D:5      | Reached XP level 2. HP: 24/24 MP: 2/2
    30 | D:5      | Got the Disquisition on Despicable Magic and the Chill
   244 | D:2      | Noticed Jessica
   259 | D:2      | Killed Jessica
   260 | D:2      | Reached skill level 1 in Armour
   260 | D:2      | Reached skill level 1 in Evocations
   260 | D:2      | Reached XP level 3. HP: 19/29 MP: 3/3
   492 | D:2      | Noticed Terence
   520 | D:2      | Slain by Terence

Illustrated notes

Levels and vault maps discovered:
D:2:      wander_river, layout_loops_ring, uniq_robin, uniq_terence,
          uniq_jessica
D:3:      cheibrodos_helix_gallery, layout_loops_ring,
          hangedman_decor_clover_reticule, chequers_serial_rivers_micro_e
D:4:      layout_cave_pools, nicolae_overflow_hallway_of_the_gods,
          minmay_misc_feat_chi, uniq_edmund, uniq_pikel
D:5:      layout_gridville

Skill      XL: |  1  2 |
---------------+-------+-----
Dodging        | 2 |  2.2
Armour         | 1 |  1.1
Evocations     | 1 |  1.3
Fighting       | |  3.4
Polearms       | |  1.7
Stealth        | |  4.5

Action                   || total
-------------------------++-------
Melee: Spear             ||    59
  Use: Potion            ||     2
 Stab: Sleeping          ||     2
Armor: Leather armour    ||     2
       Ring mail         ||    17
Dodge: Dodged            ||    25

Table legend: (Time is in decaauts)
 A = Elapsed time spent in this place.
 B = Non-inter-level travel time spent in this place.
 C = Inter-level travel time spent in this place.
 D = Time resting spent in this place.
 E = Time spent auto-exploring this place.
 F = Levels seen in this place.
 G = Mean time per level.
                   A        B        C        D        E       F      G
               +--------+--------+--------+--------+--------+-----+--------+
         Total |    496 |    491 |      5 |      0 |    332 |   4 |  124.0 |
       Dungeon |    496 |    491 |      5 |      0 |    332 |   4 |  124.0 |
               +--------+--------+--------+--------+--------+-----+--------+

Top non-repeatable levels by time:
     D:2: 278 daAuts
     D:5: 170 daAuts
     D:3: 24 daAuts
     D:4: 23 daAuts
